 Dungeon Crawl Stone Soup version 0.31-a0-691-g409c26aa35 (webtiles) character file.

Game seed: 2451939562622900347

217 qw the Shooter (level 5, 0/33 HPs)
             Began as a Gargoyle Hunter on Sept 6, 2023.
             Frozen to death by an endoplasm (1 damage)
             ... on level 3 of the Dungeon.
             The game lasted 00:00:57 (2167 turns).

qw the Shooter (Gargoyle Hunter)                    Turns: 2167, Time: 00:00:58

Health: 0/33       AC: 13    Str: 21    XL:     5   Next: 94%
Magic:  5/5        EV: 11    Int:  9    God:
Gold:   261        SH:  5    Dex: 15    Spells: 4/4 levels left

rFire   . . .        Y - +0 shortbow
rCold   . . .        (shield currently unavailable)
rNeg    + . .        j - +0 ring mail
rPois   inf          (no helmet)
rElec   +            (no cloak)
rCorr   .            (no gloves)
SInv    .            (no boots)
Will    .....        b - amulet of reflection
Stlth   +            d - +6 ring of strength
HPRegen 0.25/turn    e - +4 ring of protection
MPRegen 0.09/turn

%: reflection
@: about to teleport
A: sickness immunity, AC +4, negative energy resistance 1, electricity
resistance, torment resistance 1, petrification resistance
a: no special abilities


You were on level 3 of the Dungeon.
You visited 1 branch of the dungeon, and saw 3 of its levels.

You collected 261 gold pieces.


Innate Abilities, Weirdness & Mutations

You are immune to sickness and miasma.
Your stone body is resilient. (AC +4)
You are immune to poison.
You resist negative energy. (rN+)
You are resistant to electric shocks. (rElec)
You are resistant to unholy torment.
You are immune to petrification.


   Skills:
 - Level 4.1 Fighting
 + Level 6.0 Ranged Weapons
 - Level 1.0 Armour
 - Level 1.5 Dodging
 - Level 1.1 Stealth


You had 4 spell levels left.
You didn't know any spells.
Your spell library was empty.

Inventory:

Hand Weapons
 Y - a +0 shortbow (weapon)
Armour
 j - a +0 ring mail (worn)
 k - a +0 pair of gloves
Jewellery
 b - an amulet of reflection (around neck)
 d - a +6 ring of strength (left hand)
 e - a +4 ring of protection (right hand)
Scrolls
 h - 4 scrolls of identify
 i - 3 scrolls of teleportation
 m - a scroll of poison {unknown}
Potions
 a - a potion of brilliance {unknown}
 c - a potion of cancellation {unknown}
 f - 4 potions of curing
 g - a potion of mutation {unknown}
 l - a potion of ambrosia {unknown}

Dungeon Overview and Level Annotations

Branches:
Dungeon (3/15)

Altars:

Shops:
D:3 (


Message History

The endoplasm hits you but does no damage.
The endoplasm hits the fungus.
The endoplasm hits you.
You shoot an arrow. The arrow hits the endoplasm.
You kill the endoplasm!
A nearby fungus withers and dies.
The endoplasm freezes you.
You are frozen.
You block the endoplasm's attack.
You shoot an arrow. The arrow barely misses the endoplasm.
The arrow completely misses the jelly.
The endoplasm freezes you.
You are frozen.
You block the endoplasm's attack.
The endoplasm hits you but does no damage.
You shoot an arrow. The arrow hits the endoplasm!
You kill the endoplasm!
The endoplasm freezes you.
You are frozen.
The endoplasm hits you but does no damage.
You shoot an arrow. The arrow hits the endoplasm.
You kill the endoplasm!
You block the endoplasm's attack. The endoplasm freezes you.
You are frozen.
You shoot an arrow. The arrow barely misses the jelly.
The endoplasm hits you but does no damage.
The endoplasm freezes you.
You are frozen.
The jelly hits you.
You are splashed with acid!
You block the endoplasm's attack. The jelly barely misses you.
The endoplasm freezes you.
You are frozen.
2166 ||| READING 4 scrolls of teleportation.
As you read the scroll of teleportation, it crumbles to dust.
You feel strangely unstable. The endoplasm freezes you.
You are frozen.
You block the endoplasm's attack. The jelly closely misses you.
You shoot an arrow. The arrow hits the jelly.
The jelly is lightly wounded.
The endoplasm hits you but does no damage.
The endoplasm freezes you.
You are frozen.
You die...

.## #.## # .#
########## #..##
# ## #.P.P.P..[
##..# # #
#%P.P.P%.. ##.# #
# #.P.....P. #.#
# # #%..P.P...
#.## # #.J...P...
#..# #JJJJ.....
##.## #@#######
#..# ##..)...##
##.. ########.#
##. #...['..## ##
#|...#### ######
#.......####....#
#.......##....#.#
#.......##.####.#
#.......##.#....#


You could see a jelly and 4 endoplasms.

Vanquished Creatures
  A jelly (D:3)
  Terence (D:2)
  An orc wizard (D:3)
  6 adders
  3 orcs (D:3)
  7 ball pythons
  13 endoplasms
  3 giant cockroaches
  11 goblins
  3 hobgoblins
  2 quokkas
  5 bats
  4 frilled lizards
  10 kobolds
  8 rats
78 creatures vanquished.

Vanquished Creatures (others)
  A kobold (D:3)
1 creature vanquished.

Grand Total: 79 creatures vanquished

Notes
Turn   | Place    | Note
-------+----------+-------------------------------------------
     0 | D:1      | qw the Gargoyle Hunter began the quest for the Orb.
     0 | D:1      | Reached XP level 1. HP: 12/12 MP: 1/1
     0 | D:1      | 0 ||| qw: Version: 0.3-a-76-g4403597
     0 | D:1      | 0 ||| qw: Game counter: 26
     0 | D:1      | 0 ||| qw: Melee chars always use a shield: true
     0 | D:1      | 0 ||| qw: God list: Okawaru
     0 | D:1      | 0 ||| qw: Allow faded altars: false
     0 | D:1      | 0 ||| qw: Do Orc after clearing Dungeon:15 true
     0 | D:1      | 0 ||| qw: Do second Lair branch before Depths: true
     0 | D:1      | 0 ||| qw: Lair rune preference: random
     0 | D:1      | 0 ||| qw: Goals: Normal
     0 | D:1      | 0 ||| PLANNING D:1-11
    86 | D:1      | Found a faded altar of an unknown god.
   148 | D:1      | Reached XP level 2. HP: 17/17 MP: 2/2
   221 | D:1      | Found Gudaeg's Antique Armour Shoppe.
   350 | D:1      | Reached XP level 3. HP: 21/21 MP: 3/3
   402 | D:1      | Reached skill level 5 in Ranged Weapons
   581 | D:1      | 581 ||| UPGRADING to +0 ring mail.
   591 | D:1      | 591 ||| DROPPING +0 leather armour.
   592 | D:1      | 592 ||| READING 2 scrolls labelled GUGUIBUPRIJU.
   593 | D:1      | 593 ||| READING scroll labelled FIF TOUPSEPHUNN.
   594 | D:1      | 594 ||| READING scroll labelled YCASYR IHUNO.
   595 | D:1      | 595 ||| READING 2 scrolls labelled FOOCZE PICE.
   600 | D:1      | 600 ||| READING scroll labelled DIUFFA CUBAOQ.
   701 | D:1      | 701 ||| DRINKING 2 clear potions.
   702 | D:1      | 702 ||| DROPPING scroll of noise.
   703 | D:1      | 703 ||| DROPPING scroll of butterflies.
   738 | D:2      | Reached skill level 1 in Armour
  1144 | D:2      | Noticed Terence
  1154 | D:2      | Killed Terence
  1155 | D:2      | Reached skill level 3 in Fighting
  1155 | D:2      | Reached XP level 4. HP: 14/28 MP: 4/4
  1433 | D:2      | 1433 ||| UPGRADING to amulet of reflection.
  1438 | D:2      | 1438 ||| UPGRADING to +6 ring of strength.
  1439 | D:2      | 1439 ||| UPGRADING to +4 ring of protection.
  1440 | D:2      | 1440 ||| READING scroll labelled INAURO NESSIH.
  1476 | D:3      | Reached XP level 5. HP: 32/32 MP: 5/5
  1574 | D:3      | Found Ryisis's Weapon Shop.
  1583 | D:3      | 1583 ||| Stepping ~*~*~tactically~*~*~ (outnumbered).
  1818 | D:3      | Reached skill level 6 in Ranged Weapons
  2165 | D:3      | HP: 3/33 [acid (8)]
  2166 | D:3      | 2166 ||| READING 4 scrolls of teleportation.
  2166 | D:3      | HP: 1/33 [frozen (2)]
  2167 | D:3      | Frozen to death by an endoplasm

Levels and vault maps discovered:
D:1:      psy_arrival_conway, layout_basic, serial_shops, shop,
          shapermc_ecumenical_altar_pompeii, minmay_split_cup_small
D:2:      minmay_spotlight, layout_basic, minmay_box_of_dots, uniq_terence
D:3:      cheibrodos_fertilizer, layout_basic, serial_shops,
          nicolae_shop_window_shopping, nicolae_half_adder

Skill      XL: |  1  2  3  4  5 |
---------------+----------------+-----
Ranged Weapons | 5 6 |  6.0
Armour         | 1 |  1.0
Fighting       | 3 4 |  4.1
Dodging        | |  1.5
Stealth        | |  1.1

Action                     |  1- 3 |  4- 6 || total
---------------------------+-------+-------++-------
   Fire: Shortbow          |   119 |   114 ||   233
    Use: Scroll            |     5 |     2 ||     7
         Potion            |     1 |       ||     1
 Armour: Leather armour    |     2 |       ||     2
         Ring mail         |    26 |    38 ||    64
  Dodge: Dodged            |    23 |    31 ||    54
  Block: Other             |       |    17 ||    17
         Reflection        |       |     2 ||     2

Table legend:
 A = Non-vault XP
 B = Vault XP
 C = Vault XP percentage of total XP
 D = Non-vault monster count
 E = Vault monster count
 F = Vault count percentage of total count
                 A         B        C        D         E       F
            +---------+---------+-------+---------+---------+-------
      Total |     141 |     170 |  54.7 |      57 |      21 |  26.9
            +---------+---------+-------+---------+---------+-------
        D:1 |      40 |       5 |  11.1 |      26 |       3 |  10.3
        D:2 |      41 |      56 |  57.7 |      19 |       4 |  17.4
        D:3 |      60 |     109 |  64.5 |      12 |      14 |  53.8
            +---------+---------+-------+---------+---------+-------
